 Dungeon Crawl Stone Soup version 0.31-a0-1620-gcbf77bbcfc (webtiles) character file.

Game seed: 1098468364135431336

474 freelancePsychic the Chopper (level 6, -4/48 HPs)
             Began as a Demonspawn Wanderer on Jan 12, 2024.
             Slain by Pikel
             ... wielding a +1 whip of flaming
              (7 damage)
             ... on level 5 of the Dungeon.
             The game lasted 00:07:13 (3869 turns).

freelancePsychic the Chopper (Demonspawn Wanderer)  Turns: 3869, Time: 00:07:13

Health: -4/48      AC:  5    Str: 15 (17) XL:     6   Next: 84%
Magic:  10/10      EV: 20    Int: 10 (11) God:
Gold:   88         SH:  0    Dex:  9 (11) Spells: 11/11 levels left

rFire   . . .        i - +0 war axe
rCold   . . .        (no shield)
rNeg    . . .        e - +0 ring mail
rPois   .            (no helmet)
rElec   .            v - scarf {repulsion}
rCorr   .            (no gloves)
SInv    .            (no boots)
Will    .....        (no amulet) Stlth
                     c - +5 ring of evasion
HPRegen 0.28/turn    n - +5 ring of evasion
MPRegen 0.12/turn

%: repel missiles
@: no status effects
A: foul stench 1, powered by death 1
a: no special abilities


You were on level 5 of the Dungeon.
You visited 1 branch of the dungeon, and saw 5 of its levels.

You collected 88 gold pieces.

Inventory:

Hand Weapons
 a - a +0 short sword
 i - a +0 war axe (weapon)
Missiles
 l - 4 boomerangs
Armour
 d - a +0 leather armour
 e - a +0 ring mail (worn)
 v - a scarf of repulsion (worn)
Jewellery
 c - a +5 ring of evasion (left hand)
 n - a +5 ring of evasion (right hand)
 o - a ring of positive energy
 t - a ring of poison resistance
Wands
 b - a wand of flame (3)
 k - a wand of acid (10)
Scrolls
 h - 2 scrolls of noise {unknown}
 j - 2 scrolls of immolation {unknown}
 m - a scroll of amnesia {unknown}
 q - 2 scrolls of teleportation {unknown}
 s - 2 scrolls of vulnerability
 u - a scroll of enchant armour {unknown}
 z - 2 scrolls of identify {@r1}
Potions
 f - 2 potions of degeneration
 p - a potion of attraction
 r - a potion of magic {unknown}
 w - 3 potions of curing {unknown}
 x - a potion of haste {unknown}


   Skills:
 + Level 3.7 Fighting
 - Level 2.2 Short Blades
 * Level 4.2 Axes
 + Level 2.4 Throwing
 - Level 1.0 Armour
 - Level 1.0 Dodging
 - Level 3.0 Spellcasting
 - Level 1.2 Invocations
 - Level 1.0 Evocations


You had 11 spell levels left.
You didn't know any spells.
Your spell library contained the following spells:

 Spells                   Type           Power      Damage    Failure   Level
 Magic Dart               Conj           4%         1d3       50%         1
 Necrotise                Necr           4%         1d4       50%         1
 Blink                    Tloc           2%         N/A       63%         2
 Call Imp                 Summ           2%         N/A       63%         2
 Sublimation of Blood     Necr           1%         N/A       63%         2
 Swiftness                Air            1%         N/A       86%         3
 Petrify                  Alch/Erth      1%         N/A       99%         4
 Irradiate                Conj/Alch      0%         3d11      100%        5
 Summon Hydra             Summ           0%         N/A       100%        7


Dungeon Overview and Level Annotations

Branches:
Dungeon (5/15)
 Temple: D:4-7

Altars:

Shops:
D:4 (

Annotations:
D:5 Blork the orc, Pikel


Innate Abilities, Weirdness & Mutations

You may rarely emit foul miasma when damaged in melee.
You regenerate a little health from kills.


Message History

A lemure comes into view.
The lemure shouts!
You hit Pikel.
Pikel is severely wounded.
Pikel completely misses you.
The lemure struggles against the net.
The net rips apart, and the lemure comes free!
Pikel hits you with a +1 whip of flaming.
Pikel burns you.
You hit Pikel.
Pikel is almost dead.
Pikel misses you.
Okay, then.
You barely miss Pikel.
Pikel is almost dead.
Pikel closely misses you.
You barely miss Pikel.
Pikel is almost dead.
Pikel hits you with a +1 whip of flaming.
* * * LOW HITPOINT WARNING * * *
Pikel burns you.
* * * LOW HITPOINT WARNING * * *
Pikel hits you with a +1 whip of flaming!
* * * LOW HITPOINT WARNING * * *
Pikel burns you.
* * * LOW HITPOINT WARNING * * *
It was a potion of degeneration.
There was something very wrong with that liquid.
You feel weakened.
You feel dopey.
You feel clumsy. Pikel barely misses you.
You closely miss Pikel.
Pikel is almost dead.
Pikel looks more healthy.
Pikel completely misses you.
You closely miss Pikel.
Pikel is almost dead.
Pikel closely misses you.
You closely miss Pikel.
Pikel is almost dead.
Pikel hits you with a +1 whip of flaming!
You die...
Pikel says, "Another soul for the market."
K...P###........#..........# PPP

#........#.#####....#####
####.......#..........>.#
#.......#.###....###.#
#.......#.###......#.#
#....5..#......#.#.#.#
#...555.######.......#
#####K#........#.#....
##@########.#.##..#
#......# #.#......
#......# #.#######
#......# #.# #......#
#.####### #......#
#......†. #......#
######### #......#
##'#####


You could see Pikel and 4 lemures.

Vanquished Creatures
  A bombardier beetle (D:4)
  An orc priest (D:3)
  4 hounds
  A jelly (D:5)
  2 iguanas
  4 gnolls (D:3)
  4 adders
  2 ufetubi (D:3)
  3 dart slugs
  2 ribbon worms
  13 orcs
  9 endoplasms
  3 giant cockroaches
  7 hobgoblins
  3 jackals (D:2)
  4 quokkas
  13 ball pythons
  7 bats
  4 frilled lizards
  5 goblins
  6 kobolds
  3 rats
101 creatures vanquished.

Vanquished Creatures (others)
  An orc wizard (D:4)
1 creature vanquished.

Grand Total: 102 creatures vanquished

Notes
Turn   | Place    | Note
-------+----------+-------------------------------------------
     0 | D:1      | freelancePsychic the Demonspawn Wanderer began the quest
                  | for the Orb.
     0 | D:1      | freelancePsychic set off with the following items: a +0
                  | short sword, a wand of flame (3), a potion of
                  | lignification, a +0 leather armour; and the following
                  | spells available to memorise: Magic Dart, Necrotise, Blink,
                  | Swiftness.
     0 | D:1      | Reached XP level 1. HP: 13/13 MP: 4/4
   142 | D:1      | Reached skill level 1 in Fighting
   185 | D:1      | Gained mutation: You regenerate a little health from kills.
                  | [demonic ancestry]
   185 | D:1      | Reached XP level 2. HP: 18/21 MP: 6/6
   427 | D:1      | Found a faded altar of an unknown god.
   935 | D:2      | Reached skill level 1 in Axes
   935 | D:2      | Reached XP level 3. HP: 27/27 MP: 7/7
  1623 | D:2      | Reached XP level 4. HP: 33/33 MP: 8/8
  1935 | D:3      | Reached skill level 2 in Axes
  2402 | D:3      | Reached skill level 1 in Throwing
  2462 | D:3      | Reached XP level 5. HP: 26/39 MP: 9/9
  2823 | D:4      | Found Ekkuu's Antique Weapon Boutique.
  2831 | D:3      | Reached skill level 3 in Axes
  2908 | D:3      | Gained mutation: You may rarely emit foul miasma when
                  | damaged in melee. [demonic ancestry]
  2908 | D:3      | Reached XP level 6. HP: 26/47 MP: 10/10
  3499 | D:5      | Entered Level 5 of the Dungeon
  3578 | D:5      | Reached skill level 4 in Axes
  3758 | D:5      | Noticed Blork the orc
  3831 | D:5      | Noticed Pikel
  3865 | D:5      | HP: 2/48 [Pikel/+1 whip of flaming (3)]
  3869 | D:5      | Slain by Pikel

Illustrated notes

Levels and vault maps discovered:
D:1:      dpeg_arrival_signposts, layout_basic,
          nicolae_ecumenical_snake_handling
D:2:      layout_basic
D:3:      layout_loops_ring
D:4:      layout_rooms, serial_shops, nicolae_stop_n_shop_2, due_unseen_surprise
D:5:      layout_basic, nemelex_altar_shiori, minmay_hedge_maze, uniq_grinder,
          uniq_pikel, uniq_menkaure, uniq_blork_the_orc

Skill      XL: |  1  2  3  4  5  6 |
---------------+-------------------+-----
Short Blades   | 2 |  2.2
Fighting       | 1 2 3 |  3.7
Axes           | 1 2 3 4 |  4.2
Throwing       | 1 2 |  2.4
Armour         | |  1.0
Dodging        | |  1.0
Spellcasting   | |  3.0
Invocations    | |  1.2
Evocations     | |  1.0

Action                     |  1- 3 |  4- 6 || total
---------------------------+-------+-------++-------
  Melee: Short sword       |    83 |       ||    83
         War axe           |    84 |   206 ||   290
  Throw: Boomerang         |       |    19 ||    19
         Dart              |       |     5 ||     5
         Throwing net      |       |     1 ||     1
    Use: Potion            |     1 |     3 ||     4
         Scroll            |       |     2 ||     2
 Armour: Leather armour    |    42 |       ||    42
         Ring mail         |    45 |   117 ||   162
         Skin              |    10 |       ||    10
  Dodge: Dodged            |   158 |   283 ||   441
         Repelled          |       |     1 ||     1

Table legend: (Time is in decaauts)
 A = Elapsed time spent in this place.
 B = Non-inter-level travel time spent in this place.
 C = Inter-level travel time spent in this place.
 D = Time resting spent in this place.
 E = Time spent auto-exploring this place.
 F = Levels seen in this place.
 G = Mean time per level.
                   A        B        C        D        E       F      G
               +--------+--------+--------+--------+--------+-----+--------+
         Total |   3973 |   3793 |    180 |    168 |   2720 |   5 |  794.6 |
       Dungeon |   3973 |   3793 |    180 |    168 |   2720 |   5 |  794.6 |
               +--------+--------+--------+--------+--------+-----+--------+

Top non-repeatable levels by time:
     D:3: 1114 daAuts
     D:2: 980 daAuts
     D:1: 922 daAuts
     D:4: 572 daAuts
     D:5: 383 daAuts
